 Dungeon Crawl Stone Soup version 0.27.1 (webtiles) character file.

Game seed: 15612260398958166402

7359 pkoi the Grappler (level 10, 0/96 HPs)
             Began as a Troll Monk on Aug 29, 2021.
             Was a High Priest of Fedhas.
             Slain by a wolf (1 damage)
             ... led by Grum
             ... on level 10 of the Dungeon.
             The game lasted 00:11:59 (7834 turns).

pkoi the Grappler (Troll Monk)                      Turns: 7834, Time: 00:11:59

Health: 0/96       AC:  5    Str: 24    XL:     10   Next: 91%
Magic:  24/24      EV: 12    Int:  6    God:    Fedhas [*****.]
Gold:   494        SH:  0    Dex: 12    Spells: 9/9 levels left

rFire    . . .     SeeInvis .     - Unarmed
rCold    + . .     Faith    .   (no shield)
rNeg     . . .     Spirit   .   a - +1 robe
rPois    .         Reflect  .   (helmet restricted)
rElec    .         Harm     .   (no cloak)
rCorr    .         Rampage  .   (gloves unavailable)
Will     .....                  (boots unavailable)
Stlth    ++........             (no amulet)
HPRegen  1.26/turn              c - ring of protection from cold
MPRegen  0.19/turn              q - ring of magical power

@: marked
A: large, unfitting armour, claws 3, regeneration 1, shaggy fur 1, tough skin 1
a: Renounce Religion, Wall of Briars, Grow Ballistomycete, Overgrow, Grow Oklob


You were on level 10 of the Dungeon.
You worshipped Fedhas.
Fedhas was extremely pleased with you.
You visited 2 branches of the dungeon, and saw 11 of its levels.

You collected 494 gold pieces.

Inventory:

Missiles
 h - 20 poisoned darts
 j - a curare-tipped dart
 r - 3 throwing nets (quivered)
Armour
 a - a +1 robe (worn)
Jewellery
 c - a ring of protection from cold (left claw)
 g - a ring of fire
 q - a ring of magical power (right claw)
 y - a ring of wizardry
Wands
 m - a wand of polymorph (14)
 p - a wand of flame (16)
 v - a wand of acid (10)
 x - a wand of charming (10)
Scrolls
 l - 3 scrolls of fog
 t - a scroll of teleportation
 u - a scroll of enchant armour
 z - a scroll of identify
Potions
 b - 4 potions of curing
 d - a potion of haste
 e - a potion of attraction
 f - a potion of brilliance
 i - a potion of ambrosia
 k - a potion of lignification
 n - 2 potions of mutation {unknown}
 o - 2 potions of magic {unknown}
 s - a potion of heal wounds {unknown}
 w - a potion of flight {unknown}
 A - a potion of invisibility {unknown}


   Skills:
 - Level 5.3 Fighting
 + Level 7.3 Dodging
 - Level 1.0 Stealth
 + Level 10.1 Unarmed Combat
 + Level 8.7 Invocations


You had 9 spell levels left.
You didn't know any spells.
Your spell library contained the following spells:

 Spells                   Type           Power      Damage    Failure   Level
 Apportation              Tloc           0%         N/A       45%         1
 Freeze                   Ice            0%         1d3       45%         1
 Sublimation of Blood     Necr           0%         N/A       58%         2
 Wereblood                Tmut           0%         N/A       58%         2
 Frozen Ramparts          Ice            0%         1d2       83%         3
 Stone Arrow              Conj/Erth      0%         3d7       83%         3
 Hailstorm                Conj/Ice       0%         3d3       99%         4
 Alistair's Intoxication  Tmut/Pois      0%         N/A       100%        5
 Bolt of Magma            Conj/Fire/Erth 0%         4d4       100%        5
 Invisibility             Hex            0%         N/A       100%        6
 Summon Hydra             Summ           0%         N/A       100%        7
 Shatter                  Erth           0%         3d5*      100%        9


Dungeon Overview and Level Annotations

Branches:
Dungeon (9/15)             Temple (1/1) D:4
   Lair: D:8-11         Orc: D:9-12

Altars:
Ashenzari
Cheibriados
Dithmenos
Elyvilon
Fedhas
Gozag
Hepliaklqana
Kikubaaqudgha
Makhleb
Nemelex Xobeh
Okawaru
Qazlal
Ru
Sif Muna
Trog
Uskayaw
Vehumet
Wu Jian
Xom
Yredelemnul
Zin
The Shining One

Shops:
D:6 (


Innate Abilities, Weirdness & Mutations

You are too large for most types of armour.
You have claws for hands.
Your natural rate of healing is unusually fast.
You are covered in fur. (AC +1)
You have tough skin. (AC +1)


Message History

* * * LOW HITPOINT WARNING * * *
The wolf bites you!
* * * LOW HITPOINT WARNING * * *
The wolf bites you but does no damage. x2
You barely miss the centaur. You claw the centaur.
You kill the centaur!
Fedhas appreciates your contribution to the ecosystem.
The wolf bites you but does no damage. The wolf misses you.
The wolf completely misses you.
Unknown command.
You barely miss the wolf. The wolf bites you!
* * * LOW HITPOINT WARNING * * *
The wolf bites you!
* * * LOW HITPOINT WARNING * * *
The wolf barely misses you. x2; The wolf bites you.
* * * LOW HITPOINT WARNING * * *
Unknown command.
You claw the wolf!
The wolf is moderately wounded.
The wolf closely misses you. The wolf bites you.
* * * LOW HITPOINT WARNING * * *
The wolf closely misses you. The wolf bites you but does no damage.
Unknown command.
You claw the wolf!
The wolf is severely wounded.
The wolf bites you.
* * * LOW HITPOINT WARNING * * *
The wolf bites you.
* * * LOW HITPOINT WARNING * * *
The wolf misses you.
Unknown command.
You miss the wolf.
The wolf is severely wounded.
The wolf bites you.
* * * LOW HITPOINT WARNING * * *
The wolf bites you!
* * * LOW HITPOINT WARNING * * *
The wolf bites you.
You die...
Fedhas appreciates your contribution to the ecosystem.

#..................
####..................
#.....................
#..:......h...........
#......###########....
#......# #.... #...(..#
#.... #...)hh# #....
#...†@h+ #.... #......#
#.... ###......# #....
#........# #....
#........# #....
#........# #....
#........###########....
#.......................
###.....................


You could see 3 wolves.

Vanquished Creatures
  2 two-headed ogres
  An unseen horror (D:10)
  A kobold demonologist (D:10)
  A hornet (D:5)
  Sigmund (D:6)
  A vampire (D:5)
  3 wyverns
  A wraith (D:9)
  3 steam dragons (D:8)
  Duvessa (D:7)
  A water moccasin (D:6)
  2 ice beasts (D:6)
  5 orc warriors
  A hornet zombie (D:7)
  3 necrophages
  A sky beast (D:5)
  2 ogres
  A wolf (D:10)
  3 centaurs
  A phantom (D:4)
  A kobold brigand (D:8)
  3 bullfrogs
  6 scorpions
  A wyvern zombie (D:7)
  2 gnoll sergeants (D:6)
  Dowan (D:7)
  3 wights (D:7)
  A bullfrog zombie (D:5)
  2 centaur zombies (D:7)
  A human zombie (D:7)
  3 jellies
  8 orc priests
  3 hounds
  2 bullfrog skeletons
  2 iguanas
  Natasha (thrice) (D:3)
  7 orc wizards
  A scorpion zombie (D:5)
  A hound zombie (D:5)
  2 mummies (D:7)
  8 gnolls
  9 adders
  A shadow imp (D:6)
  3 white imps
  3 adder skeletons (D:4)
  2 dart slugs
  37 orcs
  8 endoplasms
  2 giant cockroaches
  8 goblins
  4 hobgoblins
  7 jackals
  2 quokkas (D:1)
  4 ball pythons
  4 bats
  3 frilled lizards
  9 kobolds
  6 rats
208 creatures vanquished.

Vanquished Creatures (collateral kills)
  8 ballistomycete spores
8 creatures vanquished.

Vanquished Creatures (others)
  A kobold (D:8)
  3 plants (D:3)
4 creatures vanquished.

Grand Total: 220 creatures vanquished

Notes
Turn   | Place    | Note
-------+----------+-------------------------------------------
     0 | D:1      | pkoi the Troll Monk began the quest for the Orb.
     0 | D:1      | Reached XP level 1. HP: 22/22 MP: 0/0
   156 | D:1      | Found a faded altar of an unknown god.
   195 | D:1      | Became a worshipper of Fedhas Madash
   195 | D:1      | Reached * piety under Fedhas
   195 | D:1      | Reached ** piety under Fedhas
   207 | D:1      | You fall into a shaft and drop 1 floor!
   606 | D:1      | Reached XP level 2. HP: 29/29 MP: 1/1
   856 | D:1      | Reached *** piety under Fedhas
  1073 | D:2      | Reached skill level 1 in Invocations
  1098 | D:2      | Reached XP level 3. HP: 36/36 MP: 2/2
  1258 | D:3      | Reached skill level 4 in Unarmed Combat
  1322 | D:3      | Noticed Natasha
  1328 | D:3      | Reached XP level 4. HP: 44/44 MP: 4/4
  1329 | D:3      | Killed Natasha
  1571 | D:3      | Noticed Natasha
  1584 | D:3      | Killed Natasha
  1585 | D:3      | Reached XP level 5. HP: 40/50 MP: 4/6
  1641 | D:3      | Noticed Natasha
  1649 | D:3      | Killed Natasha
  1663 | D:3      | You fall into a shaft and drop 2 floors!
  1663 | D:5      | Entered Level 5 of the Dungeon
  1667 | D:5      | Reached skill level 5 in Unarmed Combat
  1797 | D:4      | Reached XP level 6. HP: 56/59 MP: 7/7
  2027 | D:3      | Found a radiant altar of Vehumet.
  2054 | D:3      | Found an iron altar of Okawaru.
  2064 | D:3      | Reached **** piety under Fedhas
  2133 | D:3      | Found a shadowy altar of Dithmenos.
  2296 | D:4      | Found a staircase to the Ecumenical Temple.
  2306 | Temple   | Entered the Ecumenical Temple
  2628 | D:4      | Reached skill level 6 in Unarmed Combat
  2771 | D:4      | Reached XP level 7. HP: 26/66 MP: 9/9
  3367 | D:5      | Reached skill level 5 in Invocations
  3452 | D:5      | Reached XP level 8. HP: 75/75 MP: 10/10
  3497 | D:5      | Noticed a hornet
  3517 | D:5      | Killed a hornet
  3525 | D:5      | Reached skill level 7 in Unarmed Combat
  3614 | D:5      | Reached ***** piety under Fedhas
  4084 | D:6      | Noticed Sigmund
  4098 | D:6      | Killed Sigmund
  4110 | D:6      | Reached XP level 9. HP: 39/85 MP: 12/12
  4410 | D:6      | Found Debbistru's Weapon Emporium.
  4511 | D:6      | Reached skill level 8 in Unarmed Combat
  4565 | D:6      | Reached skill level 5 in Fighting
  4565 | D:6      | Reached skill level 5 in Dodging
  4832 | D:7      | Noticed Dowan
  4833 | D:7      | Noticed Duvessa
  4835 | D:7      | Killed Dowan
  4845 | D:7      | Killed Duvessa
  5044 | D:7      | Found a blossoming altar of Fedhas.
  5186 | D:7      | Identified the +5 halberd "Zoleaf" {pain, Stlth+}
  5515 | D:7      | Found an ancient bone altar of Kikubaaqudgha.
  6168 | D:8      | Reached XP level 10. HP: 70/96 MP: 14/14
  6343 | D:8      | Reached skill level 9 in Unarmed Combat
  6477 | D:8      | Found a hide-covered altar of Uskayaw.
  7267 | D:9      | Noticed a two-headed ogre
  7394 | D:9      | Killed a two-headed ogre
  7570 | D:9      | You fall into a shaft and drop 1 floor!
  7570 | D:10     | Entered Level 10 of the Dungeon
  7619 | D:10     | HP: 4/96 [something (6)]
  7704 | D:10     | Noticed a two-headed ogre
  7721 | D:10     | Killed a two-headed ogre
  7722 | D:10     | Reached skill level 10 in Unarmed Combat
  7834 | D:10     | HP: 1/96 [wolf[Grum] (7)]
  7834 | D:10     | Slain by a wolf

Illustrated notes

Levels and vault maps discovered:
D:1:      minmay_arrival_open_corners, layout_loops_ring,
          shapermc_ecumenical_altar_mp_ritualfount
D:2:      layout_basic, serial_bayou, serial_bayou_lagoon_a,
          serial_bayou_ford_a, serial_bayou_pond_c, serial_bayou_pond_b
D:3:      layout_rooms, nicolae_overflow_hidden_temple, serial_bayou_pond_b,
          minmay_statues_item, uniq_natasha
D:4:      layout_cave_pools, minmay_temple_entry_enclosed_plants,
          grunt_tough_drop
D:5:      minmay_chambers_of_threes, layout_basic
D:6:      layout_rooms, serial_shops, nicolae_shop_statue_plus, uniq_sigmund
D:7:      layout_cave_pods, fedhas_altar_fruit_tree,
          lemuel_mausoleum_altar_kikubaaqudgha, uniq_duvessa
D:8:      layout_loops_corners, nicolae_uskayaw_dance_hall
D:9:      layout_stronghold, erik_orc_4, serial_column_ruins,
          column_ruins_grid_3, column_ruins_grid_3, column_ruins_grid_1,
          column_ruins_columns_water
D:10:     layout_irregular_city, grunt_ministairs_8, minmay_misc_feat_enclosed,
          serial_bayou_lake_a, uniq_grum, uniq_snorg
Temple:   lightli_temple_of_artemis

Skill      XL: |  1  2  3  4  5  6  7  8  9 10 |
---------------+-------------------------------+-----
Invocations    | 1 2 3 4 5 6 7 8 |  8.7
Unarmed Combat | 4 5 6 7 8 10 | 10.1
Fighting       | 3 4 5 |  5.3
Dodging        | 3 4 5 7 |  7.3
Stealth        | |  1.0

Action                   |  1- 3 |  4- 6 |  7- 9 | 10-12 || total
-------------------------+-------+-------+-------+-------++-------
Melee: Unarmed           |    53 |   154 |   291 |   149 ||   647
       Punch             |       |     3 |    13 |     6 ||    22
Invok: Grow Ballistomyce |       |       |     1 |     4 ||     5
  Use: Scroll            |     4 |     1 |     5 |     3 ||    13
       Potion            |       |       |       |     5 ||     5
 Stab: Sleeping          |     3 |     3 |     5 |       ||    11
       Confused          |       |       |       |     2 ||     2
Armor: Robe              |    10 |    54 |    69 |    51 ||   184
       Skin              |       |       |       |     6 ||     6
Dodge: Dodged            |    22 |    78 |   139 |    95 ||   334
